 Dungeon Crawl Stone Soup version 0.30-b1-2-g02819fbbbe (webtiles) character file.

Game seed: 17593975756343682611

537872 raph the Minotaur Porcupine (level 24, 0/231 HPs)
             Began as a Minotaur Berserker on June 4, 2023.
             Was a High Priest of Trog.
             Slain by a golden dragon (44 damage)
             ... on level 2 of the Realm of Zot on June 5, 2023.
             The game lasted 01:40:33 (57895 turns).

raph the Minotaur Porcupine (Minotaur Berserker)   Turns: 57895, Time: 01:40:33

Health: 0/231      AC: 43    Str: 38    XL:     24   Next: 64%
Magic:  22/22      EV: 15    Int:  2    God:    Trog [*****.]
Gold:   1561       SH:  5    Dex: 11    Spells: 23/23 levels left

rFire   + + +        a - +9 bardiche of Trog's Outrage {heavy, Str+5 Dex-5 SInv}
rCold   + + .        (shield currently unavailable)
rNeg    + . .        f - +7 gold dragon scales
rPois   +            S - +2 hat
rElec   .            Y - +2 cloak
rCorr   .            h - +3 pair of gauntlets of War {Slay+5}
SInv    +            q - +0 pair of boots of Pathos {rF+}
Will    +++++        O - amulet "Degid" {Reflect +Blink rN+ Will+ SH+5} Stlth
                     N - ring of Jeajuj {rF+ Str+3 Dex+3}
HPRegen 1.58/turn    M - ring "Ynilanyi" {Fly rC+ Will+ Str+4 Dex-3 SInv}
MPRegen 0.18/turn

%: reflection
@: strong-willed, flying, regenerating, studying 2 skills
A: horns 2, retaliatory headbutt, clumsy 1, dopey 1
}: 3/15 runes: serpentine, barnacled, silver
a: Renounce Religion, Evoke Blink, Berserk, Trog's Hand, Brothers in Arms


You were on level 2 of the Realm of Zot.
You worshipped Trog.
Trog was extremely pleased with you.
You visited 9 branches of the dungeon, and saw 44 of its levels.
You also visited: Ice Cave.

You collected 7097 gold pieces.
You spent 5536 gold pieces at shops.

Inventory:

Hand Weapons
 a - the +9 bardiche of Trog's Outrage (weapon) {heavy, Str+5 Dex-5 SInv}
   (Trog gifted it to you on level 12 of the Dungeon)

   Str:       It affects your strength (+5).
   Dex:       It affects your dexterity (-5).
   SInv:      It lets you see invisible.
 b - a +6 bardiche of flaming
 w - the +18 lance "Wyrmbane" {slay drac, rPois rF+ rC+ AC+3}
   (You took it off a hell knight on level 3 of the Depths)

   AC:        It affects your AC (+3).
   rF:        It protects you from fire.
   rC:        It protects you from cold.
   rPois:     It protects you from poison.
Missiles
 l - 5 boomerangs of dispersal
 o - 7 javelins
 s - 2 silver javelins
 G - 11 boomerangs
 K - 7 silver boomerangs (quivered)
 T - 6 throwing nets
Armour
 f - +7 gold dragon scales (worn)
 h - the +3 pair of gauntlets of War (worn) {Slay+5}
   (You bought it in a shop on level 2 of the Orcish Mines)

   Slay:      It affects your accuracy & damage with ranged weapons and melee
   (+5).
 q - the +0 pair of boots of Pathos (worn) {rF+}
   (You bought it in a shop on level 2 of the Orcish Mines)

   rF:        It protects you from fire.
 P - the +8 ice dragon scales of the Bulwark {Harm rF- rC++ rN+ Regen+ Int-4}
   (You found it in an ice cave)

   Int:       It affects your intelligence (-4).
   rF:        It makes you vulnerable to fire.
   rC:        It greatly protects you from cold.
   rN:        It protects you from negative energy.
   Regen:     It increases your rate of health regeneration.
   Harm:      It increases damage dealt and taken.
 S - a +2 hat (worn)
 Y - a +2 cloak (worn)
Jewellery
 B - the ring of Noon {rC- Dex+8 Slay+4 SInv}
   (You bought it in a shop on level 5 of the Vaults)

   [ring of slaying]

   Dex:       It affects your dexterity (+8).
   Slay:      It affects your accuracy & damage with ranged weapons and melee
   (+4).
   rC:        It makes you vulnerable to cold.
   SInv:      It lets you see invisible.
 C - a +4 ring of protection
 M - the ring "Ynilanyi" (right hand) {Fly rC+ Will+ Str+4 Dex-3 SInv}
   (You found it in an ice cave)

   [ring of flight]

   Str:       It affects your strength (+4).
   Dex:       It affects your dexterity (-3).
   rC:        It protects you from cold.
   SInv:      It lets you see invisible.
   Fly:       It grants you flight.
   Will:      It increases your willpower.
 N - the ring of Jeajuj (left hand) {rF+ Str+3 Dex+3}
   (You found it on level 3 of the Elven Halls)

   [ring of protection from fire]

   Str:       It affects your strength (+3).
   Dex:       It affects your dexterity (+3).
   rF:        It protects you from fire.
 O - the amulet "Degid" (around neck) {Reflect +Blink rN+ Will+ SH+5}
   (You found it in an ice cave)

   [amulet of reflection]

   It reflects blocked missile attacks.
   rN:        It protects you from negative energy.
   +Blink:    It lets you blink.
   SH:        It affects your SH (+5).
   Will:      It increases your willpower.
 X - the ring of Kock {rPois rF+ Int+6 Dex+3}
   (You acquired it on level 3 of the Lair of Beasts)

   [ring of intelligence]

   Int:       It affects your intelligence (+6).
   Dex:       It affects your dexterity (+3).
   rF:        It protects you from fire.
   rPois:     It protects you from poison.
Wands
 t - a wand of roots (60)
 u - a wand of flame (136)
 y - a wand of mindburst (39)
 D - a wand of charming (60)
 V - a wand of digging (20)
 W - a wand of quicksilver (21)
Scrolls
 g - 5 scrolls of magic mapping
 j - a scroll of silence
 z - a scroll of fog
 E - 14 scrolls of teleportation
 F - 6 scrolls of poison
 L - 6 scrolls of blinking
 Q - 8 scrolls of immolation
 R - 4 scrolls of fear
Potions
 c - 4 potions of resistance
 e - 10 potions of attraction
 i - 4 potions of might
 k - 25 potions of curing
 m - a potion of magic
 n - 4 potions of ambrosia
 p - a potion of heal wounds
 v - 12 potions of mutation
 A - 6 potions of cancellation
 U - 8 potions of flight
Miscellaneous
 d - a tin of tremorstones (2/2)
 x - a phantom mirror
 I - a box of beasts
 J - a lightning rod (4/4)
 Z - a phial of floods


   Skills:
 + Level 22.1 Fighting
 O Level 27 Polearms
 + Level 18.4 Throwing
 + Level 21.9 Armour
 + Level 20.3 Dodging
 + Level 5.0 Stealth
 + Level 14.7 Evocations


You had 23 spell levels left.
You didn't know any spells.
Your spell library was empty.

Dungeon Overview and Level Annotations

Branches:
Dungeon (15/15)            Temple (0/1) D:5            Lair (5/5) D:8
 Shoals (4/4) Lair:3        Snake (4/4) Lair:3        Slime (0/5) Lair:4
    Orc (2/2) D:12            Elf (3/3) Orc:2        Vaults (5/5) D:13
  Crypt (0/3) Vaults:2     Depths (4/4) D:15            Zot (2/5) Depths:4
  IceCv (visited)

Altars:
Dithmenos
Elyvilon
Fedhas
Gozag
Makhleb
Qazlal
Ru
Wu Jian
Yredelemnul
Zin
The Shining One
Jiyva

Shops:
D:1 [(?[   D:7 =   D:10 :*   D:11 *:   Orc:2 [=:[[   Elf:2 *   Elf:3 =
Snake:1 :[   Vaults:2 [   Vaults:3 !   Vaults:5 =*=:

Portals:
Hell: Depths:1 Depths:2 Depths:3 Depths:4
Abyss: Depths:1 Depths:3 Depths:4
Pandemonium: Depths:1 Depths:2 Depths:3 Depths:4
Ziggurat: Depths:4

Annotations:
Vaults:4 3 runed translucent doors, Faydane's ghost, veteran HuFi; Synox's ghost, legendary FoFi
Depths:1 1 runed translucent door
Depths:2 3 runed translucent doors, Dameikh's ghost, veteran FoFi


Innate Abilities, Weirdness & Mutations

You have a pair of horns on your head.
You reflexively headbutt those who attack you in melee.
You are clumsy. (Dex -2)
You are dopey. (Int -2)


Message History

The electric golem hits you but does no damage.
The golden dragon rages.
The electric golem hits you but does no damage.
The electric golem barely misses you.
The electric golem hits you but does no damage.
You block the electric golem's attack.
You hear a roar!
You slice the electric golem like a ripe choko!!!
You headbutt the electric golem!
The electric golem is almost destroyed.
The electric golem hurls lightning at you.
The bolt of lightning hits you!!
* * * LOW HITPOINT WARNING * * *
You slice the electric golem!!
You destroy the electric golem!
Trog accepts your kill.
You are no longer corroded.
The golden dragon completely misses you.
You furiously retaliate!
You headbutt the golden dragon! You block the golden dragon's attack.
The golden dragon completely misses you.
You hear a chilling moan.
Your Stealth skill increases to level 5!
Your skin crawls.
You feel strong-willed. The golden dragon bites you!
* * * LOW HITPOINT WARNING * * *
You block the golden dragon's attack. The golden dragon tramples you!
* * * LOW HITPOINT WARNING * * *
You hold your ground!
The black draconian knight breathes lightning at you.
The bolt of lightning hits the black draconian.
The black draconian completely resists.
The bolt of lightning hits the golden dragon!
The golden dragon resists.
The bolt of lightning misses you.
You cut the golden dragon into ribbons!!!!
Your headbutt misses the golden dragon.
The golden dragon is severely wounded.
The golden dragon bites you!!!
You die...

*,**,**,,*##d***,**,#.#
*,*,**,***.q,,,**,*,#.#
*,*,*,###9.,d,,,*,*,#.# *
***,*,*,#.#.,,>,,,*,*,#.#**
*,,^*,*,#.)y,>,>,,+,*,#.#,,
*,***,*,#q#,,,>,,,*,*,#.#,*
***,*
*,*,#d#,,,,,,,***,#(#,*
*,,,*
*,*,#D##,,,,,***,##.#,*
**,***
*,*,##@#**+***,,##.##,*
*,,*
*,**,#.##,,,,,###.##,**
*,** **,*,##.#######..##,**
*,* *,**,##:....[.###,**
*,* **,**,#########,,** *,*
**,**,,,,,,,,,*** ****,*
**,*********** ,,,,,*
**,,,,,** ****** *****,,*


You could see a black draconian knight (catching breath), a golden dragon
(berserk) and a black draconian (berserk).

Vanquished Creatures
  An ancient lich (Vaults:4)
  Mara (Elf:3)
  2 juggernauts
  Bai Suzhen (Snake:3)
  Vashnia (Snake:4)
  A caustic shrike (Depths:2)
  Saint Roka (Vaults:2)
  3 golden dragons
  A bone dragon (Depths:4)
  An electric golem (Zot:2)
  A pearl dragon (Depths:1)
  Jorgrun (D:12)
  10 tentacled monstrosities
  A walking earthen tome (Depths:2)
  5 liches
  Asterion (Vaults:1)
  6 titans
  3 quicksilver dragons
  A walking frostbound tome (Depths:3)
  6 deep elf blademasters
  4 deep elf master archers (Elf:3)
  7 sphinxes
  3 death cobs
  3 krakens
  Frances (Elf:1)
  8 tengu reavers
  3 shadow dragons
  9 storm dragons
  5 nagarajas
  An azure jelly (IceCv)
  2 draconian monks
  4 draconian knights
  10 fire giants
  3 deep elf sorcerers (Elf:3)
  16 vault wardens
  A balrug (Depths:3)
  Aizul (Snake:1)
  7 frost giants
  4 iron dragons
  2 draconian scorchers
  A ghoul (Vaults:2)
  Louise (D:14)
  2 draconian shifters (Zot:1)
  5 draconian annihilators
  A spriggan defender (Depths:2)
  4 deep elf elementalists (Elf:3)
  2 quicksilver oozes (IceCv)
  20 ironbound preservers
  A war gargoyle (Vaults:4)
  4 orc warlords
  3 draconian stormcallers
  A juggernaut skeleton (Depths:3)
  An ophan (Depths:1)
  14 stone giants
  7 ironbound thunderhulks
  An apis (Depths:1)
  18 very ugly things
  2 eleionomae (Shoals:4)
  3 deep elf demonologists
  4 green draconians
  4 deep elf annihilators
  The ghost of steph the Fighter, a journeyman DjFE of Makhleb (D:10)
  2 black draconians
  15 dire elephants
  Azrael (D:13)
  8 red draconians
  A yellow draconian (Zot:1)
  2 spark wasps (Depths:4)
  A purple draconian (Zot:1)
  A blizzard demon (Depths:1)
  8 white draconians
  2 merfolk javelineers (Shoals:4)
  14 ettins
  A green death (Depths:2)
  6 deep elf death magi
  A deep elf high priest (Elf:3)
  A spectral kraken (Shoals:2)
  7 fire dragons
  An entropy weaver (shapeshifter) (Elf:3)
  9 merfolk impalers
  4 entropy weavers
  6 ice dragons
  5 great orbs of eyes
  Erolcha (D:12)
  3 salamander tyrants
  5 rakshasas
  A peacekeeper (Vaults:4)
  14 yaktaur captains
  5 hydras
  Harold (D:10)
  27 vault guards
  3 ogre magi
  A catoblepas (Lair:3)
  2 ghost crabs (Shoals:2)
  6 spriggan air magi
  12 centaur warriors
  5 merfolk avatars
  12 anacondas
  8 boulder beetles
  29 dancing weapons
  4 alligator snapping turtles
  11 ironbound frosthearts
  The ghost of Suckerboh the Basher, a novice MiFi of the Shining One (D:10)
  12 two-headed ogres
  5 satyrs
  3 merfolk aquamancers (Shoals:4)
  6 tengu warriors
  7 deep troll shamans
  11 naga warriors
  14 death yaks
  8 naga sharpshooters
  8 deep troll earth magi
  An orc high priest (Orc:2)
  5 shock serpents
  2 soul eaters (Depths:2)
  2 spriggan berserkers
  13 hell knights
  2 sun demons
  15 deep elf knights
  12 iron trolls
  7 salamander mystics
  3 skysharks
  A skeletal warrior (Vaults:2)
  Lodul (D:13)
  46 deep trolls
  3 golden dragon zombies
  11 sea snakes
  9 naga ritualists
  9 wizards
  A spark wasp zombie (Depths:2)
  3 flayed ghosts
  3 glowing orange brains
  A lindwurm (shapeshifter) (Depths:2)
  9 harpies
  17 ironbound convokers
  23 deep elf pyromancers
  7 necromancers
  4 phantasmal warriors
  14 deep elf archers
  8 lindwurms
  Pikel (D:6)
  31 deep elf zephyrmancers
  A tengu skeleton (Depths:3)
  14 orc knights
  22 ugly things
  2 orc sorcerers (Orc:1)
  An oklob plant (Lair:5)
  9 manticores
  22 fauns
  16 mana vipers
  18 salamanders
  A frost giant zombie (Depths:2)
  4 cyclopes
  4 moths of wrath
  A cyclops (shapeshifter) (Vaults:4)
  7 merfolk sirens
  68 slime creatures
  21 naga magi
  15 vault sentinels
  8 guardian serpents
  4 elephants (Lair:3)
  41 black mambas
  2 rust devils
  Joseph (D:7)
  6 water nymphs
  A water nymph (shapeshifter) (D:15)
  3 molten gargoyles (Lair:5)
  3 torpor snails
  A spectral sea snake (Shoals:2)
  2 orange demons (Depths:3)
  2 smoke demons (Depths:1)
  13 cane toads
  3 gargoyles
  2 unseen horrors (Depths:1)
  5 rime drakes
  Psyche (D:8)
  14 yaktaurs
  An efreet (D:14)
  A komodo dragon (shapeshifter) (Elf:2)
  14 komodo dragons
  3 ice devils
  3 freezing wraiths
  3 tengu conjurers
  8 large abominations (Depths:1)
  2 red devils
  18 merfolk
  A spectral water nymph (Shoals:2)
  2 polar bears (Lair:1)
  3 meliai (D:13)
  4 trolls
  6 wind drakes
  A troll (shapeshifter) (Depths:3)
  3 hornets
  2 spectral manticores (Shoals:2)
  4 spectral merfolk (Shoals:2)
  Grinder (D:3)
  20 dream sheep
  5 blink frogs
  14 snapping turtles
  A snapping turtle (shapeshifter) (Vaults:5)
  Sigmund (D:2)
  2 spectral wind drakes (Shoals:2)
  A spriggan (shapeshifter) (D:14)
  2 shadows (D:9)
  A culicivora (shapeshifter) (D:12)
  2 ynoxinuls
  4 air elementals
  2 vampires
  A slime creature (shapeshifter) (Depths:1)
  2 spriggans (Depths:1)
  46 yaks
  13 wyverns
  16 water elementals
  3 wraiths
  A hog (shapeshifter) (D:15)
  2 basilisks (shapeshifter) (Vaults:5)
  3 fire elementals (D:13)
  4 redbacks
  7 basilisks
  A steam dragon (D:7)
  A chaos spawn (Depths:1)
  16 vampire mosquitoes
  A neqoxec (Depths:2)
  Menkaure (D:4)
  57 nagas
  A glowing shapeshifter zombie (Depths:2)
  5 wargs
  20 water moccasins
  Duvessa (D:6)
  2 acid dragons
  9 hell hounds
  3 great orb of eyes simulacra (IceCv)
  2 ice beasts
  8 black bears
  30 orc warriors
  A sky beast (D:6)
  9 wolves
  22 ogres
  22 centaurs
  A phantom (D:5)
  A spectral cyclops (Shoals:2)
  4 kobold brigands
  4 slime creature simulacra (IceCv)
  13 bullfrogs
  2 gnoll sergeants
  5 scorpions
  6 glowing shapeshifter simulacra (IceCv)
  17 wights
  Dowan (D:6)
  9 killer bees
  An electric eel (Elf:2)
  6 howler monkeys
  4 small abominations (Depths:1)
  4 vampire bats (D:6)
  5 lava snakes (Lair:5)
  3 hounds
  5 jellies
  15 orc priests
  A gnoll bouda (D:6)
  An iguana (shapeshifter) (Depths:3)
  2 iguanas
  2 sleepcaps
  Ijyb (D:3)
  Natasha (thrice) (D:2)
  22 orc wizards
  7 hell rats (D:15)
  2 shapeshifter simulacra (IceCv)
  A boggart simulacrum (D:13)
  Robin (D:3)
  5 adders
  24 gnolls
  A white imp (D:5)
  An ufetubus (D:4)
  3 worms
  5 dart slugs
  67 orcs
  8 ball pythons
  7 endoplasms
  3 giant cockroaches
  16 goblins
  10 hobgoblins
  27 kobolds
  7 quokkas
  7 bats
  2 frilled lizards (D:1)
  7 rats
  A spectral weapon (Vaults:1)
  5 tentacles
1965 creatures vanquished.

Vanquished Creatures (collateral kills)
  A deep elf master archer (Elf:3)
  A tengu reaver (Vaults:2)
  2 deep elf sorcerers
  An iron dragon (Depths:2)
  A deep elf elementalist (Elf:3)
  3 ironbound preservers (Vaults:5)
  An ironbound thunderhulk (Vaults:4)
  A very ugly thing (Vaults:5)
  A stone giant (Depths:2)
  An ettin (Vaults:5)
  A deep elf death mage (Elf:3)
  2 yaktaur captains (Vaults:5)
  A deep elf high priest (Elf:3)
  An ironbound frostheart (Vaults:4)
  A vault guard (Vaults:5)
  2 anacondas (Snake:4)
  A centaur warrior (Orc:2)
  A spriggan berserker (Depths:2)
  A hell knight (Depths:3)
  A shock serpent (Snake:4)
  A deep elf knight (Elf:3)
  A salamander mystic (Snake:3)
  2 deep trolls
  5 ironbound convokers
  3 orc knights
  2 mana vipers (Snake:4)
  3 deep elf pyromancers (Elf:3)
  A manticore (shapeshifter) (Vaults:5)
  2 salamanders (Snake:3)
  A yaktaur (Vaults:4)
  A hornet (shapeshifter) (Vaults:5)
  A redback (Vaults:5)
  A naga (Snake:3)
  8 orc warriors (Orc:2)
  2 ogres (Vaults:5)
  2 centaurs (Orc:2)
  3 orcs
64 creatures vanquished.

Vanquished Creatures (others)
  A lich (Vaults:5)
  A titan (Vaults:5)
  2 tengu reavers (Vaults:5)
  A vault warden (Vaults:5)
  A vault guard (Vaults:5)
  A deep elf knight (Elf:3)
  A deep elf zephyrmancer (Elf:3)
  2 orcs (Vaults:5)
  55 fungi
  82 plants
  20 tentacles
  9 withered plants
176 creatures vanquished.

Grand Total: 2205 creatures vanquished

Notes
Turn   | Place    | Note
-------+----------+-------------------------------------------
     0 | D:1      | raph the Minotaur Berserker began the quest for the Orb.
     0 | D:1      | Reached XP level 1. HP: 19/19 MP: 0/0
    52 | D:1      | Reached skill level 4 in Polearms
    82 | D:1      | Reached XP level 2. HP: 25/26 MP: 1/1
    82 | D:1      | Found Ytwahek's Armour Shop.
   476 | D:1      | Reached skill level 5 in Polearms
   479 | D:1      | Found Bigoopn's Armour Boutique.
   504 | D:1      | Found Qifiloov's Magic Scroll Emporium.
   514 | D:1      | Bought a scroll of identify for 22 gold pieces
   568 | D:1      | Reached XP level 3. HP: 28/31 MP: 2/2
   898 | D:1      | Found Coreome's Weapon Shoppe.
  1176 | D:2      | Noticed Natasha
  1181 | D:2      | Killed Natasha
  1182 | D:2      | Reached skill level 6 in Polearms
  1182 | D:2      | Reached XP level 4. HP: 39/39 MP: 3/3
  1224 | D:2      | Reached ** piety under Trog
  1266 | D:2      | Found a faded altar of an unknown god.
  1352 | D:1      | Bought a +0 pair of gloves for 54 gold pieces
  1420 | D:1      | Bought a scroll of identify for 22 gold pieces
  1539 | D:2      | Noticed Natasha
  1546 | D:2      | Killed Natasha
  1547 | D:2      | Reached XP level 5. HP: 44/45 MP: 4/4
  1616 | D:2      | Noticed Sigmund
  1624 | D:2      | Killed Sigmund
  1625 | D:2      | Reached skill level 8 in Polearms
  1625 | D:2      | Reached XP level 6. HP: 51/51 MP: 5/5
  1750 | D:2      | Noticed Natasha
  1760 | D:2      | Killed Natasha
  2136 | D:3      | Noticed Grinder
  2138 | D:3      | Paralysed by Grinder for 4 turns
  2154 | D:3      | Killed Grinder
  2155 | D:3      | Reached skill level 9 in Polearms
  2155 | D:3      | Reached XP level 7. HP: 44/57 MP: 6/6
  2250 | D:3      | Noticed Robin
  2278 | D:3      | Killed Robin
  2279 | D:3      | Noticed Ijyb
  2291 | D:3      | Killed Ijyb
  2292 | D:3      | Reached skill level 10 in Polearms
  2548 | D:3      | Reached *** piety under Trog
  2734 | D:1      | Bought 2 scrolls of identify for 44 gold pieces
  2806 | D:4      | Identified the +0 robe "Trusted Companion" {Str+4 SInv}
  2808 | D:4      | Identified the +2 leather armour of the Demon Prince {+Inv}
  3019 | D:4      | Noticed Menkaure
  3026 | D:4      | Killed Menkaure
  3083 | D:4      | Reached skill level 11 in Polearms
  3345 | D:4      | Identified the amulet "Qeduad" {Spirit rElec rF- Int+5
                  | SInv}
  3448 | D:5      | Entered Level 5 of the Dungeon
  3526 | D:5      | Reached XP level 8. HP: 64/64 MP: 7/7
  3575 | D:5      | Reached skill level 12 in Polearms
  3629 | D:5      | Found a staircase to the Ecumenical Temple.
  3644 | D:5      | Reached skill level 1 in Throwing
  3698 | D:5      | Found a burning altar of Makhleb.
  3700 | D:5      | Found a stormy altar of Qazlal.
  3746 | D:5      | Noticed a two-headed ogre
  3754 | D:5      | Killed a two-headed ogre
  3755 | D:5      | Reached skill level 5 in Fighting
  4013 | D:5      | Reached XP level 9. HP: 74/74 MP: 8/8
  4242 | D:5      | Found a blossoming altar of Fedhas.
  4863 | D:6      | Noticed Duvessa
  4863 | D:6      | Noticed Dowan
  4911 | D:6      | Killed Dowan
  4920 | D:6      | Killed Duvessa
  4921 | D:6      | Reached skill level 5 in Armour
  5130 | D:6      | Noticed Pikel
  5137 | D:6      | Killed Pikel
  5138 | D:6      | Reached skill level 5 in Dodging
  5205 | D:6      | You fall into a shaft and drop 1 floor!
  5602 | D:6      | Reached skill level 5 in Throwing
  5807 | D:6      | Reached XP level 10. HP: 28/86 MP: 5/9
  6740 | D:7      | Noticed Joseph
  6754 | D:7      | Killed Joseph
  6783 | D:7      | Found Yrumon Nighu's Jewellery Emporium.
  6880 | D:7      | Found a sacrificial altar of Ru.
  7053 | D:8      | Found the Hermit's Pendant {Faith Invo=14 Evo=0 MP+5}
  7139 | D:8      | Reached **** piety under Trog
  7140 | D:8      | Noticed Psyche
  7150 | D:8      | Killed Psyche
  7281 | D:8      | Found a staircase to the Lair.
  7705 | D:8      | Reached XP level 11. HP: 92/97 MP: 8/10
  8005 | Lair:1   | Entered Level 1 of the Lair of Beasts
  8099 | Lair:1   | Found a frozen archway.
  8218 | IceCv    | Entered an ice cave
  8307 | IceCv    | Reached ***** piety under Trog
  8498 | IceCv    | Reached skill level 10 in Fighting
  8866 | IceCv    | Identified the ring "Ynilanyi" {Fly rC+ Will+ Str+4 Dex-3
                  | SInv}
  8869 | IceCv    | Got the ring of Situinam {rC+ rCorr Str+2}
  9006 | IceCv    | Reached skill level 10 in Armour
  9284 | IceCv    | Noticed a quicksilver ooze
  9289 | IceCv    | Killed a quicksilver ooze
  9339 | IceCv    | Noticed a quicksilver ooze
  9346 | IceCv    | Killed a quicksilver ooze
  9483 | IceCv    | Found a viscous altar of Jiyva.
  9483 | IceCv    | Noticed an azure jelly
  9494 | IceCv    | Killed an azure jelly
  9544 | IceCv    | Reached XP level 12. HP: 110/110 MP: 11/11
  9693 | IceCv    | Identified the amulet "Degid" {Reflect +Blink rN+ Will+
                  | SH+5}
  9706 | IceCv    | Identified the +8 ice dragon scales of the Bulwark {Harm
                  | rF- rC++ rN+ Regen+ Int-4}
  9900 | Lair:1   | Reached skill level 10 in Dodging
  9983 | Lair:1   | Identified the +1 robe of Generosity {Int+3}
 10167 | D:1      | Bought a scroll of immolation for 44 gold pieces
 10167 | D:1      | Bought a scroll of identify for 22 gold pieces
 10167 | D:1      | Bought a scroll of enchant weapon for 82 gold pieces
 10167 | D:1      | Bought a scroll of identify for 22 gold pieces
 10167 | D:1      | Bought a scroll of enchant weapon for 82 gold pieces
 11221 | Lair:2   | Reached skill level 13 in Polearms
 11556 | Lair:3   | Found a staircase to the Snake Pit.
 11752 | Lair:3   | Found a shadowy altar of Dithmenos.
 11807 | Lair:3   | Noticed a boulder beetle
 11817 | Lair:3   | Noticed a death yak
 11818 | Lair:3   | Noticed a death yak
 11834 | Lair:3   | Killed a boulder beetle
 11836 | Lair:3   | Killed a death yak
 11839 | Lair:3   | Killed a death yak
 11865 | Lair:3   | Noticed a death yak
 11871 | Lair:3   | Noticed a death yak
 11873 | Lair:3   | Killed a death yak
 11874 | Lair:3   | Reached XP level 13. HP: 90/118 MP: 7/12
 12084 | Lair:3   | Reached skill level 14 in Polearms
 12224 | Lair:3   | Identified a scroll of acquirement
 12225 | Lair:3   | Acquired the ring of Kock {rPois rF+ Int+6 Dex+3}
 12639 | Lair:3   | Found a staircase to the Shoals.
 13015 | Lair:4   | Reached skill level 10 in Throwing
 13070 | Lair:4   | Found a staircase to the Slime Pits.
 13231 | Lair:4   | Found a viscous altar of Jiyva.
 13783 | Lair:5   | Entered Level 5 of the Lair of Beasts
 13858 | Lair:5   | Reached skill level 15 in Polearms
 14426 | Lair:5   | Reached skill level 1 in Evocations
 14566 | Lair:5   | Reached XP level 14. HP: 129/129 MP: 13/13
 14745 | Lair:5   | Found a large runed translucent door.
 15184 | Lair:5   | Received a gift from Trog
 15460 | Lair:5   | Found a large runed translucent door.
 15765 | Lair:5   | Reached skill level 16 in Polearms
 16769 | D:10     | Entered Level 10 of the Dungeon
 16769 | D:10     | Found Lyson's Overcharged Wands.
 16769 | D:10     | Found a transporter.
 16783 | D:10     | Received a gift from Trog
 16797 | D:10     | Found a transporter.
 16828 | D:10     | Found Gemoxt's Book Boutique.
 17069 | D:10     | Noticed Harold
 17075 | D:10     | Killed Harold
 17076 | D:10     | Reached skill level 17 in Polearms
 17314 | D:10     | Found a runed translucent gate.
 17315 | D:10     | Found a runed translucent gate.
 17316 | D:10     | Found a runed translucent gate.
 17319 | D:10     | Noticed steph's ghost (journeyman DjFE)
 17319 | D:10     | Noticed Suckerboh's ghost (novice MiFi)
 17635 | D:10     | Found an ornate altar of the Wu Jian Council.
 17937 | D:10     | Killed steph's ghost
 17940 | D:10     | Killed Suckerboh's ghost
 18440 | D:11     | Found Zowkad's CLEARANCE SALE!.
 18446 | D:11     | Bought a scroll of enchant armour for 37 gold pieces
 18446 | D:11     | Bought 2 curare-tipped darts for 12 gold pieces
 18518 | D:11     | Found Sutypiph's Book Shop.
 19036 | D:12     | Noticed Jorgrun
 19045 | D:12     | Killed Jorgrun
 19046 | D:12     | Reached skill level 18 in Polearms
 19050 | D:12     | Noticed Erolcha
 19059 | D:12     | Found a staircase to the Orcish Mines.
 19063 | D:12     | Killed Erolcha
 19239 | D:12     | Identified the +9 bardiche of Trog's Outrage {heavy, Str+5
                  | Dex-5 SInv} (Trog gifted it to you on level 12 of the
                  | Dungeon)
 19239 | D:12     | Received a gift from Trog
 19557 | Orc:1    | Entered Level 1 of the Orcish Mines
 20141 | Orc:2    | Entered Level 2 of the Orcish Mines
 20155 | Orc:2    | Found Ekhlotia's Armour Emporium.
 20195 | Orc:2    | Reached skill level 19 in Polearms
 20245 | Orc:2    | Reached XP level 15. HP: 57/136 MP: 14/14
 20263 | Orc:2    | Received a gift from Trog
 20264 | Orc:2    | Found Nippin's Armour Shoppe.
 20264 | Orc:2    | Found Ebboecke's Book Shop.
 20266 | Orc:2    | Found Voyrph Deav's Jewellery Boutique.
 20268 | Orc:2    | Found Reyligh's Armour Emporium.
 20493 | Orc:2    | Bought the +3 pair of gauntlets of War {Slay+5} for 570
                  | gold pieces
 20493 | Orc:2    | Found the +3 pair of gauntlets of War {Slay+5}
 20493 | Orc:2    | Bought the +0 pair of boots of Pathos {rF+} for 222 gold
                  | pieces
 20748 | Orc:2    | Found a staircase to the Elven Halls.
 21536 | D:13     | Reached skill level 20 in Polearms
 21551 | D:13     | Noticed Azrael
 21574 | D:13     | Killed Azrael
 21650 | D:13     | Noticed Lodul
 21670 | D:13     | Killed Lodul
 22038 | D:13     | Received a gift from Trog
 22109 | D:13     | Found a gate to the Vaults.
 22360 | D:14     | Reached skill level 21 in Polearms
 22406 | D:14     | Noticed Louise
 22419 | D:14     | Killed Louise
 22712 | D:14     | Found an opulent altar of Gozag.
 23184 | D:15     | Entered Level 15 of the Dungeon
 23293 | D:15     | Reached skill level 22 in Polearms
 23349 | D:15     | Found a staircase to the Depths.
 23827 | D:15     | Reached XP level 16. HP: 144/144 MP: 15/15
 23948 | D:15     | Reached skill level 23 in Polearms
 24362 | Shoals:1 | Entered Level 1 of the Shoals
 24469 | Shoals:1 | Noticed a kraken
 24474 | Shoals:1 | Killed a kraken
 24596 | Shoals:1 | Identified the +10 hand axe of Fedhas, Devouring
                  | {antimagic, rPois Will+++ Int+6 Stlth-}
 24746 | Shoals:1 | Reached ****** piety under Trog
 24937 | Shoals:1 | Received a gift from Trog
 24979 | Shoals:1 | You are sucked into a shaft and drop 1 floor!
 25549 | Shoals:2 | Reached skill level 24 in Polearms
 25572 | Shoals:2 | Noticed a kraken
 25587 | Shoals:2 | Killed a kraken
 26819 | Shoals:3 | Received a gift from Trog
 27393 | Shoals:4 | Entered Level 4 of the Shoals
 27554 | Shoals:4 | Identified the +11 shortbow of the Median {flame, rElec
                  | Str+3}
 27905 | Shoals:4 | Reached XP level 17. HP: 143/154 MP: 16/16
 27953 | Shoals:4 | Identified the +5 double sword of Raimm {protect, Int+2}
 28163 | Shoals:4 | Noticed a kraken
 28171 | Shoals:4 | Killed a kraken
 28330 | Shoals:4 | Reached skill level 5 in Evocations
 28456 | Shoals:4 | Got a barnacled rune of Zot
 29404 | Snake:1  | Entered Level 1 of the Snake Pit
 29404 | Snake:1  | Found a basalt altar of Yredelemnul.
 29487 | Snake:1  | Identified the +7 glaive of Decaying Success {heavy, rN+
                  | Dex+2} (Trog gifted it to you on level 1 of the Snake Pit)
 29487 | Snake:1  | Received a gift from Trog
 29488 | Snake:1  | Reached skill level 15 in Fighting
 29711 | Snake:1  | Noticed Aizul
 29720 | Snake:1  | Killed Aizul
 29756 | Snake:1  | Identified the +2 scale mail "Popp" {Dex+6}
 29757 | Snake:1  | Found Iqodiu's Armour Shoppe.
 29757 | Snake:1  | Found Fucewkiah's Book Emporium.
 30130 | Snake:2  | Reached skill level 15 in Armour
 31046 | Snake:3  | Noticed Bai Suzhen
 31317 | Snake:3  | Killed Bai Suzhen
 31693 | Snake:3  | Reached XP level 18. HP: 89/166 MP: 17/17
 32225 | Snake:4  | Entered Level 4 of the Snake Pit
 32777 | Snake:4  | Received a gift from Trog
 33175 | Snake:4  | Noticed Vashnia
 33196 | Snake:4  | Killed Vashnia
 33612 | Snake:4  | Reached skill level 15 in Dodging
 33620 | Snake:4  | Received a gift from Trog
 33812 | Snake:4  | Got a serpentine rune of Zot
 34190 | Vaults:1 | Entered Level 1 of the Vaults
 34213 | Vaults:1 | Identified the staff of conjuration "Gocuru" {rPois Will+
                  | Int-3 Dex+8}
 34483 | Vaults:1 | Reached XP level 19. HP: 151/174 MP: 18/18
 34559 | Vaults:1 | Received a gift from Trog
 34778 | Vaults:1 | Noticed Asterion
 34786 | Vaults:1 | Killed Asterion
 35809 | Vaults:2 | Noticed Saint Roka
 35855 | Vaults:2 | Received a gift from Trog
 35861 | Vaults:2 | Killed Saint Roka
 35992 | Vaults:2 | Found Kal Tuotz's Antique Armour Emporium.
 36237 | Vaults:2 | Found a staircase to the Crypt.
 36472 | Vaults:2 | HP: 3/177 [acid (8)]
 36698 | Vaults:2 | Received a gift from Trog
 37177 | Vaults:3 | Reached skill level 10 in Evocations
 37257 | Vaults:3 | Reached XP level 20. HP: 187/187 MP: 19/19
 37366 | Vaults:3 | Found Fawed's Distillery.
 37378 | Vaults:3 | Bought a potion of heal wounds for 50 gold pieces
 37378 | Vaults:3 | Bought a potion of resistance for 100 gold pieces
 37378 | Vaults:3 | Bought a potion of curing for 30 gold pieces
 37378 | Vaults:3 | Bought a potion of cancellation for 80 gold pieces
 37958 | Vaults:3 | Identified the +6 ring mail of the Onion {rC+ Regen+ SInv}
 38561 | Vaults:4 | Identified the ring of Wisdom {rC+ Will+++ MP+9 Str-3
                  | Dex-3}
 38570 | Vaults:4 | Reached skill level 15 in Throwing
 38605 | Vaults:4 | Identified the +3 pair of gloves "Biaptiqaunt" {Rampage rF-
                  | rCorr Str+5}
 38616 | Vaults:4 | Identified the staff of earth "Woempig" {rF- Int+2 Dex+4
                  | SInv}
 38704 | Vaults:4 | Received a gift from Trog
 39299 | Vaults:4 | Identified the +7 bardiche of Darkness {antimagic, *Corrode
                  | rPois rC+} (Trog gifted it to you on level 4 of the Vaults)
 39299 | Vaults:4 | Received a gift from Trog
 39409 | Vaults:4 | Found a runed translucent gate.
 39409 | Vaults:4 | Found a runed translucent gate.
 39410 | Vaults:4 | Found a runed translucent gate.
 39981 | Vaults:4 | Noticed Faydane's ghost (veteran HuFi)
 39981 | Vaults:4 | Noticed Synox's ghost (legendary FoFi)
 40219 | Elf:1    | Entered Level 1 of the Elven Halls
 40223 | Elf:1    | Paralysed by an air elemental for 1 turns
 40257 | Elf:1    | Reached skill level 25 in Polearms
 40299 | Elf:1    | Noticed Frances
 40304 | Elf:1    | Killed Frances
 40988 | Elf:1    | Found a runed translucent gate.
 40989 | Elf:1    | Found a runed translucent gate.
 40989 | Elf:1    | Found a runed translucent gate.
 41278 | Elf:1    | Received a gift from Trog
 41315 | Elf:2    | Reached XP level 21. HP: 196/196 MP: 20/20
 41475 | Elf:2    | Found a runed translucent gate.
 41475 | Elf:2    | Found a runed translucent gate.
 41587 | Elf:2    | Found a runed translucent gate.
 41941 | Elf:2    | Received a gift from Trog
 42320 | Elf:3    | Entered Level 3 of the Elven Halls
 42383 | Elf:3    | Paralysed by an air elemental for 1 turns
 42385 | Elf:3    | Paralysed by an air elemental for 1 turns
 42429 | Elf:3    | Found Akkeag's Jewellery Shop.
 42477 | Elf:3    | Paralysed by an air elemental for 1 turns
 42478 | Elf:3    | Noticed Mara
 42493 | Elf:3    | Killed Mara
 42555 | Elf:2    | Found Foucsi's General Store.
 42981 | Elf:2    | Bought a potion of haste for 200 gold pieces
 43054 | Elf:2    | Received a gift from Trog
 44415 | Elf:3    | Identified the amulet of Guykium {Faith Will+}
 44443 | Elf:3    | Identified the ring of Efony {Fly Dex+3 SInv Stlth-}
 44495 | Elf:3    | Identified the ring of Jeajuj {rF+ Str+3 Dex+3}
 44528 | Elf:3    | Identified the +4 trident of Modesty {heavy, rF+}
 44547 | Elf:3    | Identified the +0 ring mail "Vaoh" {rF+ rC+ Dex-5}
 44572 | Elf:3    | Identified the +0 buckler of Immorality {+Blink rF+ Dex-4
                  | Stlth+}
 44580 | Elf:3    | Identified the staff of poison "Viocsagh" {rPois rC+ MP+9
                  | Dex+3 Stlth+}
 44582 | Elf:3    | Identified the staff of earth "Ugyem" {Str+3}
 44597 | Elf:3    | Identified the +2 scale mail of Lust {Dex+3 Stlth+}
 44780 | Elf:3    | Identified the staff of fire "Zainug" {rF+ rCorr}
 45132 | Depths:1 | Entered Level 1 of the Depths
 45132 | Depths:1 | Found a gateway to Hell.
 45294 | Depths:1 | Received a gift from Trog
 45893 | Depths:1 | Found a one-way gate leading to the halls of Pandemonium.
 45902 | Depths:1 | Reached XP level 22. HP: 181/207 MP: 21/21
 45944 | Depths:1 | Found a one-way gate to the infinite horrors of the Abyss.
 46000 | Depths:1 | Received a gift from Trog
 46016 | Depths:1 | Found a runed translucent door.
 46326 | Depths:1 | Found a glowing silver altar of Zin.
 46326 | Depths:1 | Found a glowing golden altar of the Shining One.
 46326 | Depths:1 | Found a white marble altar of Elyvilon.
 46635 | Depths:2 | Noticed a caustic shrike
 46653 | Depths:2 | Noticed a golden dragon
 46654 | Depths:2 | Killed a caustic shrike
 46672 | Depths:2 | Killed a golden dragon
 46984 | Depths:2 | Found the crystal ball of Wucad Mu {*channel}
 46988 | Depths:2 | Noticed a juggernaut
 46993 | Depths:2 | Killed a juggernaut
 47262 | Depths:2 | You fall into a shaft and drop 2 floors!
 47262 | Depths:4 | Entered Level 4 of the Depths
 47282 | Depths:4 | Found a one-way gateway to a ziggurat.
 47426 | Depths:4 | Reached skill level 26 in Polearms
 47521 | Depths:3 | Noticed a juggernaut
 47888 | Depths:3 | Received a gift from Trog
 48447 | Depths:3 | Identified the ring "Paall" {*Slow rF+ Will+ MP+9 Int+2}
 48494 | Depths:3 | Killed a juggernaut
 48721 | Depths:3 | Received a gift from Trog
 48727 | Depths:3 | Reached XP level 23. HP: 193/217 MP: 22/22
 49165 | Depths:2 | Found a runed translucent gate.
 49166 | Depths:2 | Found a runed translucent gate.
 49166 | Depths:2 | Noticed a juggernaut
 49167 | Depths:2 | Found a runed translucent gate.
 49167 | Depths:2 | Noticed Dameikh's ghost (veteran FoFi)
 49230 | Depths:2 | Gained mutation: Your spells are a little easier to cast,
                  | but a little less powerful. [a neqoxec]
 49232 | Depths:2 | Gained mutation: You have hidden genetic defects. [a
                  | neqoxec]
 50295 | Depths:4 | Gained mutation: You occasionally lose the ability to read
                  | scrolls when taking damage. [hidden defects]
 50353 | Depths:4 | Found a gate to the Realm of Zot.
 50664 | Depths:4 | Lost mutation: Your spells are a little easier to cast, but
                  | a little less powerful. [potion of mutation]
 50664 | Depths:4 | Lost mutation: You occasionally lose the ability to read
                  | scrolls when taking damage. [potion of mutation]
 50664 | Depths:4 | Gained mutation: You are clumsy. (Dex -2) [potion of
                  | mutation]
 50664 | Depths:4 | Gained mutation: You are dopey. (Int -2) [potion of
                  | mutation]
 50664 | Depths:4 | Gained mutation: Your muscles are strong. (Str +4, Int/Dex
                  | -1) [potion of mutation]
 50977 | Vaults:5 | Entered Level 5 of the Vaults
 50996 | Vaults:5 | Received a gift from Trog
 51104 | Vaults:4 | Lost mutation: Your muscles are strong. (Str +4, Int/Dex
                  | -1) [hidden defects]
 51104 | Vaults:4 | Lost mutation: You have hidden genetic defects. [hidden
                  | defects expressed]
 51284 | Vaults:5 | Noticed an ancient lich
 51905 | Vaults:4 | Killed an ancient lich
 52110 | Vaults:5 | HP: 1/220 [yaktaur captain (21)]
 52128 | Vaults:5 | Received a gift from Trog
 52199 | Vaults:5 | Paralysed by a floating eye for 3 turns
 52216 | Vaults:5 | Reached XP level 24. HP: 64/228 MP: 22/22
 52676 | Vaults:5 | Reached skill level 27 in Polearms
 53103 | Vaults:5 | Identified the ring "Simnil" {*Corrode rF+++ rC+ Will-
                  | Str+6}
 53243 | Vaults:5 | Identified the staff of death "Ytiffe" {rElec rPois rN+}
 53505 | Vaults:5 | Found Irahugic's Jewellery Boutique.
 53505 | Vaults:5 | Found Xucopsumm's General Store.
 53514 | Vaults:5 | Bought a scroll of fog for 76 gold pieces
 53514 | Vaults:5 | Bought a scroll of teleportation for 57 gold pieces
 53514 | Vaults:5 | Bought a wand of digging (2) for 159 gold pieces
 53514 | Vaults:5 | Bought a scroll of magic mapping for 142 gold pieces
 53522 | Vaults:5 | Found Osinic's Book Emporium.
 53526 | Vaults:5 | Bought a manual of Stealth for 1280 gold pieces
 53659 | Vaults:5 | Got a silver rune of Zot
 53988 | Vaults:5 | Identified the +3 ring mail of Purpose {Rampage Regen+
                  | Str+7 Int-4}
 54164 | Vaults:5 | Found Seiduimn's Jewellery Shop.
 54391 | D:10     | Identified the +1 robe of Ukkorec {-Tele Fly rCorr Dex+3}
 55255 | Zot:1    | Entered Level 1 of the Realm of Zot
 55457 | Zot:1    | Reached skill level 1 in Stealth
 56445 | Vaults:5 | Bought the ring of Noon {rC- Dex+8 Slay+4 SInv} for 1881
                  | gold pieces
 56779 | Elf:3    | Identified the +8 plate armour of the Arcane {Rampage Str+3
                  | Dex-5 Slay+4}
 56832 | Elf:2    | Bought a scroll of enchant armour for 150 gold pieces
 56832 | Elf:2    | Bought a wand of roots (2) for 96 gold pieces
 57170 | Zot:2    | Received a gift from Trog
 57894 | Zot:2    | Reached skill level 5 in Stealth
 57895 | Zot:2    | Slain by a golden dragon

Illustrated notes

Levels and vault maps discovered:
D:1:      dpeg_arrival_court, layout_basic, serial_shops, shop, shop, shop,
          nicolae_square_shop, minmay_ruptured
D:2:      layout_basic, ebering_ecumenical_altar_box, nicolae_grassy_gnolls,
          uniq_natasha, uniq_sigmund
D:3:      layout_loops_ring, uniq_ijyb, uniq_grinder, uniq_robin
D:4:      layout_loops_ring, uniq_menkaure
D:5:      layout_layer_cave, nicolae_overflow_hidden_temple,
          kennysheep_little_box, minmay_temple_entry_stoned_glass
D:6:      layout_gridville, roderic_batcave, uniq_pikel, uniq_duvessa
D:7:      layout_loops_ring, nicolae_ru_the_path_less_chosen, serial_shops,
          kennysheep_mini_moat, uniq_joseph
D:8:      layout_rooms, due_lair_maze_entry_diamond, serial_bayou_pond_c,
          uniq_psyche
D:9:      layout_rooms, grunt_decor_cap, kennysheep_kite_vault
D:10:     gammafunk_boulding_lane, layout_layer_cave,
          pdpol_wu_jian_five_deadly_venoms, serial_shops,
          nicolae_book_shop_shelving, gammafunk_ghost_cemetery,
          nicolae_shop_overcharged_wands, uniq_harold
D:11:     layout_loops_ring, serial_co_window_serial, co_window_cross_1,
          co_window_paths_a, co_window_corner_a, co_window_corner_a,
          co_window_corner_a, co_window_of_opportunity_a, co_window_paths_b,
          co_window_2corner, co_window_of_opportunity_c, co_window_broadway_c,
          co_window_of_opportunity_c, glass_columns_c, serial_shops, shop,
          nicolae_shop_clearance
D:12:     layout_roguey, orc_0_dummy, uniq_erolcha, uniq_jorgrun
D:13:     layout_irregular_city, skrybe_vaults_entry_preservation, uniq_azrael,
          uniq_lodul
D:14:     layout_roguey, nicolae_gozag_seed_capital, kennysheep_just_a_vault,
          uniq_louise
D:15:     gammafunk_enter_depths_forms, layout_long_grid, special_room
          [special_room_mythical_zoo]
Lair:1:   layout_hall_layers, portal_ice_cave_demonic_guard,
          beast_lair_carwin_3, lemuel_fruit_fields, lemuel_fruit_fields
Lair:2:   layout_regular_city, lemuel_fruit_fields, grunt_megastairs_1
Lair:3:   layout_regular_city, elwin_shoals_entry_rocks,
          minmay_snake_entry_guardpost_medium, basic_altar,
          columned_hall_lemuel, nicolae_quartered_pool_little
Lair:4:   layout_regular_city, nicolae_slime_entry_field_trip, st_stairs_9
Lair:5:   cheibrodos_lair_end_hotspot, layout_gridlike, st_stairs_5,
          minmay_lair_oklob_items, patterned_corridor
Shoals:1: layout_shoals
Shoals:2: layout_shoals, nicolae_shoals_spectral_cove
Shoals:3: layout_shoals
Shoals:4: shoals_end_hangedman, layout_shoals, nicolae_shoals_enchanted_isle
Snake:1:  layout_basic, basic_altar, minmay_shoptagon, uniq_aizul
Snake:2:  layout_basic, lemuel_fruit_tree
Snake:3:  layout_onion, grunt_megastairs_2, uniq_bai_suzhen
Snake:4:  snake_pit_salamanders_mu, layout_cave_town, uniq_vashnia
Orc:1:    nicolae_orc_accident_2, layout_diamond_mine
Orc:2:    st_orc_rangers, layout_caves, serial_shops, nicolae_shop_tiny_glass,
          kennysheep_orc_chapel
Elf:1:    nicolae_elf_arrival_aired_out, layout_gridlike,
          hangedman_elf_represent, nicolae_elf_hall_of_bonks, uniq_frances
Elf:2:    nicolae_elf_blades_splatter_lattice [nicolae_blade_entry_pointy_end],
          layout_gridlike, serial_shops, shop, minivault_14, grunt_megastairs_3
Elf:3:    minmay_elf_hall, layout_rooms, serial_shops, shop, uniq_mara
Vaults:1: v_misc_15, nicolae_vaults_frosty_reception, ontoclasm_vaults_twist,
          nicolae_vaults_tangram_1, v_alt_pattern_6,
          hangedman_vaults_stretched_pinwheel, nicolae_vaults_sightless_eye,
          vaults_room_semicircle, ontoclasm_vaults_eye,
          nicolae_vaults_surprise_closet, layout_vaults_quadrants, uniq_asterion
Vaults:2: nicolae_vaults_sealed_display, nicolae_vaults_cochlea,
          minmay_crypt_entry_simple_walls, nicolae_vaults_closet_pinwheel_4,
          ontoclasm_vaults_misaligned, v_misc_4,
          nicolae_vaults_storage_closets_2,
          vaults_standard_mumra_enter_the_diamond, nicolae_vaults_circle_grid_b,
          nicolae_vaults_security_offices_1, nicolae_vaults_cochlea,
          layout_vaults_maze_bifur, serial_shops, nicolae_shop_rolling_square,
          uniq_saint_roka
Vaults:3: grunt_vaults_bifocal, hangedman_vaults_restitches,
          nicolae_vaults_diagonal_hallway_8, vaults_mumra_minichess,
          hangedman_vaults_locks, v_misc_32, v_misc_25, nicolae_vaults_house_2,
          dpeg_vaults_monster_box, nicolae_vaults_more_shelving_1,
          ontoclasm_vaults_ligature, nicolae_vaults_surprise_closet_hard,
          layout_vaults_ring, serial_shops, nicolae_shop_tiny_statue_garden
Vaults:4: gammafunk_ghost_cemetery, nicolae_vaults_network_periphery,
          ontoclasm_vaults_misaligned, nicolae_vaults_trapezoid_lopsided_4,
          grunt_vaults_twisty, nicolae_vaults_meiosis, v_alt_pattern_3,
          nicolae_vaults_stepped_doors, v_rooms_5, vaults_room_hallway,
          hangedman_vaults_impose, v_rooms_4, nicolae_vaults_apartment_2,
          v_misc_19, nicolae_vaults_storing_the_good_stuff,
          nicolae_vaults_little_squares_2, nicolae_vaults_trapezoid_lopsided_1,
          layout_vaults_big_cross
Vaults:5
Depths:1: layout_cave_pools, hell_entry, minmay_crystal_water,
          minmay_room_of_horrors, rand_demon_pan_entry_1, minmay_st_funbox,
          hallowed_hall, serial_bayou_shore_a
Depths:2: hangedman_arch_fort, layout_twisted_cross, hangedman_decor_riveting,
          grunt_pan_entry_zigzag, hell_entry, gammafunk_ghost_split
Depths:3: minmay_broken_ring, layout_basic, hell_entry, abyss_entry,
          rand_demon_pan_entry_8, chequers_jeans, serial_bayou_shore_b,
          infiniplex_staircase_pool_lava, serial_bayou_shore_b
Depths:4: grunt_zot_entry_bicorn, layout_honeycomb, enter_ziggurat_b, pan_entry,
          serial_bayou_pond_d, abyss_entry_glasseish, serial_rivers,
          chequers_serial_rivers_micro_e, chequers_serial_rivers_large_b,
          chequers_serial_rivers_micro_c, chequers_serial_rivers_room_a,
          chequers_serial_rivers_small_b, chequers_serial_rivers_micro_d,
          hangedman_geh_valley
Zot:1:    layout_misc_corridors
Zot:2:    grunt_deathspiral_small, layout_onion_interference

Skill      XL: |  1  2  3  4  5  6  7  8  9 10 11 12 13 14 15 16 17 18 19 20 21 22 23 24 |
---------------+-------------------------------------------------------------------------+-----
Polearms       | 4 5 6 8 9 11 12 13 15 19 22 24 25 26 27 | 27.0
Fighting       | 5 7 9 11 12 13 14 15 16 17 18 19 20 21 22 | 22.1
Throwing       | 3 5 6 8 9 10 11 12 13 14 15 16 17 18 | 18.4
Armour         | 4 6 8 10 11 13 14 15 16 17 18 19 20 21 | 21.9
Dodging        | 4 6 8 9 10 11 12 13 14 15 16 17 18 19 20 | 20.3
Evocations     | 1 2 4 7 8 10 11 12 13 14 | 14.7
Stealth        | 5 |  5.0

Action                     |  1- 3 |  4- 6 |  7- 9 | 10-12 | 13-15 | 16-18 | 19-21 | 22-24 || total
---------------------------+-------+-------+-------+-------+-------+-------+-------+-------++-------
  Melee: Spear             |    81 |    12 |       |       |    12 |       |       |       ||   105
         Headbutt          |     5 |     4 |    36 |    99 |   120 |    83 |   129 |   167 ||   643
         Halberd           |       |    60 |   259 |   296 |       |       |       |       ||   615
         Glaive            |       |       |       |   231 |   258 |       |       |       ||   489
         Bardiche          |       |       |       |       |   512 |   800 |   840 |   724 ||  2876
         Lance             |       |       |       |       |       |       |       |    68 ||    68
  Throw: Javelin           |       |       |       |     6 |    22 |       |       |       ||    28
         Dart              |       |       |       |     3 |    13 |       |       |       ||    16
         Boomerang         |       |       |       |       |    33 |    29 |    80 |    36 ||   178
 Invoke: Berserk           |       |     3 |    12 |    12 |    12 |     7 |     5 |     1 ||    52
         Trog's Hand       |       |     1 |     2 |     8 |     3 |     6 |     8 |    11 ||    39
         Brothers in Arms  |       |       |       |       |     3 |     4 |     4 |     8 ||    19
  Evoke: Wand              |       |       |       |       |       |     1 |     3 |     4 ||     8
         Phial of floods   |       |       |       |       |       |       |     1 |       ||     1
         Box of beasts     |       |       |       |       |       |       |       |     2 ||     2
    Use: Scroll            |     2 |     6 |    12 |    12 |     9 |     4 |     4 |    32 ||    81
         Potion            |       |       |       |     1 |       |       |     9 |    21 ||    31
   Stab: Distracted        |       |       |     1 |       |       |     2 |     2 |     4 ||     9
         Invisible         |       |       |       |       |       |       |       |     5 ||     5
 Armour: Animal skin       |     7 |       |       |       |       |       |       |       ||     7
         Ring mail         |     2 |    16 |    92 |    16 |       |       |       |       ||   126
         Acid dragon scale |       |       |       |    69 |       |       |       |       ||    69
         Ice dragon scales |       |       |       |    81 |   385 |   512 |   390 |   430 ||  1798
         Gold dragon scale |       |       |       |       |       |       |       |    70 ||    70
  Dodge: Dodged            |    25 |    30 |   154 |   282 |   489 |   575 |   497 |   691 ||  2743
  Block: Other             |       |       |       |       |   152 |   167 |   122 |   166 ||   607
         Reflection        |       |       |       |       |    39 |    20 |    18 |     7 ||    84
